 Dungeon Crawl Stone Soup version 0.25.1-2-g60ff931df9 (webtiles) character file.

Game seed: 9406947131941698737

69 Acheron the Shield-Bearer (level 4, 0/28 HPs)
             Began as a Gargoyle Fighter on Nov 13, 2020.
             Slain by a kobold
             ... wielding a +0 whip
              (1 damage)
             ... on level 2 of the Dungeon.
             The game lasted 00:04:04 (711 turns).

Acheron the Shield-Bearer (Gargoyle Fighter)         Turns: 711, Time: 00:04:05

Health: 0/28       AC: 10    Str: 20    XL:     4   Next: 20%
Magic:  4/4        EV:  7    Int:  8    God:
Gold:   28         SH:  9    Dex: 10    Spells: 3/3 levels left

rFire    . . .     SeeInvis .   a - +0 war axe
rCold    . . .     Gourm    .   c - +0 kite shield
rNeg     + . .     Faith    .   b - +0 scale mail
rPois    ∞         Spirit   .   (no helmet)
rElec    +         Reflect  .   (no cloak)
rCorr    .         Harm     .   (no gloves)
MR       .....                  (no boots)
Stlth    ..........             (no amulet)
HPRegen  0.09/turn              (no ring)
MPRegen  0.09/turn              (no ring)

@: berserk cooldown, slowed, very slow
A: negative energy resistance 1, electricity resistance, unbreathing,
petrification resistance, rot immunity, AC +3
a: no special abilities


You were on level 2 of the Dungeon.
You were not hungry.

You visited 1 branch of the dungeon, and saw 2 of its levels.

You collected 28 gold pieces.

Inventory:

Hand Weapons
 a - a +0 war axe (weapon)
Missiles
 k - 14 stones (quivered)
Armour
 b - a +0 scale mail (worn)
 c - a +0 kite shield (worn)
Scrolls
 h - a scroll of identify
 j - a scroll of fear {unknown}
Potions
 d - a potion of might
 e - a potion of brilliance
Comestibles
 f - a ration
 g - 8 chunks of flesh


   Skills:
 + Level 3.5 Fighting
 + Level 2.3 Axes
 + Level 3.6 Armour
 * Level 1.0 Dodging
 * Level 1.6 Stealth
 + Level 3.7 Shields


You had 3 spell levels left.
You didn't know any spells.
Your spell library was empty.

Dungeon Overview and Level Annotations

Branches:
Dungeon (2/15)

Altars:


Innate Abilities, Weirdness & Mutations

You are resistant to torment.
Your stone body is resilient. (AC +3)
You are immune to poison.
You resist negative energy. (rN+)
You are resistant to electric shocks. (rElec)
You can survive without breathing.
You are immune to petrification.
You are immune to rotting.


Message History

The bat hits you but does no damage. You block the kobold's attack.
The kobold barely misses you.
You closely miss the kobold. The bat hits you but does no damage.
The kobold barely misses you. The kobold hits you with a +0 whip.
* * * LOW HITPOINT WARNING * * *
You completely miss the kobold. The bat barely misses you.
The kobold barely misses you. The kobold hits you but does no damage.
You closely miss the kobold. The bat hits you but does no damage.
The kobold hits you with a +0 whip.
* * * LOW HITPOINT WARNING * * *
The kobold hits you but does no damage. x2
You hit the kobold.
The kobold is severely wounded.
You block the bat's attack. The kobold hits you with a +0 whip.
* * * LOW HITPOINT WARNING * * *
The kobold hits you but does no damage.
You hit the kobold but do no damage.
The kobold is severely wounded.
You block the bat's attack. The kobold hits you with a +0 whip.
You die...

#. #. ..#.#######.## .
#............# ..
#........#..##
#.#..%#..#.##..#
#......#..#.##.#
#..##.....#....####
#..##........b.@K.#
#..##....)...#.##.....#
#..##....#.###.# .####
#..##.....## #.# #
#..##....## #.#
#.........####.#
#.##......[[...#
#.#.##..#.###...
#÷#.##....#


You could see a bat and a kobold.

Vanquished Creatures
  Jessica (D:2)
  An ooze (D:2)
  3 dart slugs (D:1)
  A leopard gecko (D:1)
  2 giant cockroaches (D:1)
  5 goblins (D:1)
  3 hobgoblins
  3 jackals (D:2)
  4 kobolds (D:1)
  3 bats
  A frilled lizard (D:2)
  2 rats (D:1)
29 creatures vanquished.

Notes
Turn   | Place    | Note
-------+----------+-------------------------------------------
     0 | D:1      | Acheron the Gargoyle Fighter began the quest for the Orb.
     0 | D:1      | Reached XP level 1. HP: 14/14 MP: 1/1
   102 | D:1      | Reached XP level 2. HP: 19/19 MP: 2/2
   562 | D:1      | Reached skill level 1 in Stealth
   562 | D:1      | Reached XP level 3. HP: 23/23 MP: 3/3
   674 | D:2      | Noticed Jessica
   696 | D:2      | Killed Jessica
   696 | D:2      | Reached skill level 1 in Dodging
   696 | D:2      | Reached XP level 4. HP: 9/28 MP: 4/4
   710 | D:2      | HP: 1/28 [kobold/+0 whip (3)]
   711 | D:2      | Slain by a kobold

Illustrated notes

Levels and vault maps discovered:
D:1:      dpeg_arrival_tiny_k, layout_basic
D:2:      layout_loops_ring, chequers_ecumenical_altar_grove, minmay_tromino_i2,
          uniq_robin, uniq_jessica, uniq_crazy_yiuf_cottage

Skill      XL: |  1  2  3 |
---------------+----------+-----
Axes           | 2 |  2.3
Stealth        | 1 |  1.6
Dodging        | 1 |  1.0
Fighting       | |  3.5
Armour         | |  3.6
Shields        | |  3.7

Action                   |  1- 3 |  4- 6 || total
-------------------------+-------+-------++-------
Melee: War axe           |    69 |     9 ||    78
  Use: Scroll            |     2 |       ||     2
       Potion            |     1 |       ||     1
Armor: Scale mail        |    44 |    15 ||    59
Dodge: Dodged            |    30 |    10 ||    40
Block: Kite shield       |    46 |     7 ||    53
